 Dungeon Sprint DCSS version 0.21.1-1-g345015f (webtiles) character file.

5200000 Fang the Axe Maniac (level 27, -9/249 HPs)
             Began as a Demonspawn Gladiator on May 31, 2018.
             Was the Champion of Makhleb.
             Mangled by The Servant
             ... wielding a +9 glaive of flaming
              (55 damage)
             ... in the Dungeon (Sprint VIII: "Arena of Blood").
             The game lasted 00:01:38 (52 turns).

Fang the Axe Maniac (Demonspawn Gladiator)            Turns: 52, Time: 00:01:39

Health: -9/249     AC: 10    Str: 29    XL:     27
Magic:  54/54      EV: 40    Int: 12    God:    Makhleb [******]
Gold:   0          SH:  0    Dex: 21    Spells: 80/80 levels left

rFire    . . .     SeeInvis .   l - +∞ Axe of Woe
rCold    + . .     Gourm    .   (shield currently unavailable)
rNeg     . . .     Faith    .   b - +0 leather armour
rPois    .         Spirit   .   (helmet unavailable)
rElec    .         Reflect  .   (no cloak)
rCorr    .         Harm     .   (no gloves)
MR       ++...     NoTele   +   (no boots)
Stlth    ++++++++++             (no amulet)
HPRegen  0.51/turn              (no ring)
MPRegen  0.34/turn              (no ring)

@: mighty, agile
A: horns 3, icy blue scales 3, foul stench 2, powered by pain 3, augmentation 3,
rot immunity
a: Minor Destruction, Lesser Servant of Makhleb, Major Destruction, Greater
Servant of Makhleb, Renounce Religion


You were in the Dungeon.
You worshipped Makhleb.
Makhleb was exalted by your worship.
You were not hungry.

You visited 1 branch

Inventory:

Hand Weapons
 a - a +0 war axe
 l - the +∞ Axe of Woe (weapon)
   (You found it in the Dungeon)
Missiles
 d - 3 throwing nets (quivered)
Armour
 b - a +0 leather armour (worn)
 c - a +0 helmet
Scrolls
 k - a scroll of blinking
Potions
 e - a potion of curing
 g - a potion of heal wounds
 h - a potion of haste
 i - 2 potions of magic
 j - a potion of berserk rage
Comestibles
 f - a ration


   Skills:
 O Level 27 Fighting
 O Level 27 Axes
 O Level 27 Throwing
 O Level 27 Armour
 O Level 27 Dodging
 O Level 27 Stealth
 O Level 27 Unarmed Combat
 O Level 27 Spellcasting
 O Level 27 Invocations


You had 80 spell levels left.
You didn't know any spells.

Dungeon Overview and Level Annotations

Branches:
Dungeon (1/1)

Altars:
Makhleb

Annotations:
D The Servant


Innate Abilities, Weirdness & Mutations

You have a pair of large horns on your head.
You are completely covered in icy blue scales. (AC +4, rC+)
You frequently emit foul miasma when damaged in melee.
You are powered by pain.
Your magical and physical power is greatly enhanced at high health.
You are immune to rotting.


Message History

You hear a shout! x6
A bag of meat comes into view. It is wielding a +9 war axe.
You are too injured to fight recklessly!
Unknown command.
You are too injured to fight recklessly!
Unknown command.
You are too injured to fight recklessly!
You are too injured to fight recklessly!
Unknown command.
You slice the destroyer like a ripe choko!!!
You chop the destroyer into pieces.
You destroy the destroyer!
Makhleb accepts your kill.
You feel better.
You hear a shout! x4
The Servant hits you from afar with a +9 glaive of flaming!!!!
Ouch! That really hurt!
* * * LOW HITPOINT WARNING * * *
The Servant burns you!!!
You die... .....§......§. o.........o.. .........O..
O ........... .o oo........

... #oV.....# .#..
#o§o§%..#
....%###§)@§...###.
.....%.§@§###......
..#..%.§§)V_......
#....§§§#)....#..
.......§#_.<._#
#...%...#)..oo#
..#%......._..o...
%.......%.###§.o...
.....###... ..###.
..... #... ..#


You could see The Servant, 2 destroyers, a large bag of meat (inner flame) and
10 bags of meat.

Vanquished Creatures
  8 vampire knights (D)
  20 ogres (D)
  4 two-headed ogres (D)
  20 orcs (D)
  2 skeletal warriors (D)
  5 small abominations (D)
  5 crawling corpses (D)
64 creatures vanquished.

Vanquished Creatures (others)
  3 crawling corpses (D)
3 creatures vanquished.

Grand Total: 67 creatures vanquished

Notes
Turn   | Place    | Note
-------+----------+-------------------------------------------
     0 | D        | Found the +∞ Axe of Woe
     0 | D        | Fang the Demonspawn Gladiator began the quest for the Orb.
     0 | D        | Reached XP level 1. HP: 16/16 MP: 1/1
     4 | D        | Became a worshipper of Makhleb the Destroyer
     5 | D        | Noticed a bag of meat
     8 | D        | Noticed a bag of meat
     8 | D        | Noticed a meat berserker
     9 | D        | Noticed a bag of meat
    11 | D        | Killed a meat berserker
    11 | D        | Reached skill level 10 in Throwing
    11 | D        | Gained mutation: You have a pair of small horns on your head. [demonic ancestry]
    11 | D        | Reached XP level 2. HP: 39/39 MP: 2/2
    11 | D        | Gained mutation: You sometimes gain a little power by taking damage. [demonic ancestry]
    11 | D        | Reached XP level 3. HP: 45/45 MP: 3/3
    11 | D        | Reached XP level 4. HP: 52/52 MP: 4/4
    11 | D        | Gained mutation: You are immune to rotting. [demonic ancestry]
    11 | D        | Reached XP level 5. HP: 58/58 MP: 5/5
    11 | D        | Gained mutation: You may emit foul miasma when damaged in melee. [demonic ancestry]
    11 | D        | Reached XP level 6. HP: 65/65 MP: 6/6
    11 | D        | Gained mutation: You have a pair of horns on your head. [demonic ancestry]
    11 | D        | Reached XP level 7. HP: 71/71 MP: 7/7
    11 | D        | Gained mutation: You frequently emit foul miasma when damaged in melee. [demonic ancestry]
    11 | D        | Reached XP level 8. HP: 77/77 MP: 8/8
    11 | D        | Gained mutation: You have a pair of large horns on your head. [demonic ancestry]
    11 | D        | Reached XP level 9. HP: 83/83 MP: 9/9
    11 | D        | Gained mutation: You are partially covered in icy blue scales. (AC +2) [demonic ancestry]
    11 | D        | Reached XP level 10. HP: 90/90 MP: 10/10
    11 | D        | Gained mutation: You sometimes gain power by taking damage. [demonic ancestry]
    11 | D        | Reached XP level 11. HP: 96/96 MP: 11/11
    11 | D        | Gained mutation: You are powered by pain. [demonic ancestry]
    11 | D        | Reached XP level 12. HP: 103/103 MP: 12/12
    11 | D        | Reached XP level 13. HP: 109/109 MP: 13/13
    12 | D        | Killed a bag of meat
    12 | D        | Reached * piety under Makhleb
    12 | D        | Killed a bag of meat
    12 | D        | Reached XP level 14. HP: 94/121 MP: 14/14
    13 | D        | Noticed a bag of meat
    14 | D        | Noticed a bag of meat
    14 | D        | Noticed a meat berserker
    14 | D        | Noticed a meat berserker
    15 | D        | Noticed a meat berserker
    15 | D        | Noticed a meat berserker
    16 | D        | Killed a bag of meat
    16 | D        | Reached skill level 15 in Fighting
    16 | D        | Killed a bag of meat
    16 | D        | Reached ** piety under Makhleb
    16 | D        | Reached XP level 15. HP: 130/130 MP: 15/15
    17 | D        | Killed a meat berserker
    17 | D        | Killed a meat berserker
    17 | D        | Reached skill level 27 in Axes
    17 | D        | Reached XP level 16. HP: 145/145 MP: 16/16
    17 | D        | Killed a meat berserker
    17 | D        | Reached *** piety under Makhleb
    17 | D        | Reached skill level 27 in Dodging
    17 | D        | Reached XP level 17. HP: 160/160 MP: 17/17
    19 | D        | Noticed a meat berserker
    19 | D        | Killed a meat berserker
    20 | D        | Reached skill level 5 in Armour
    22 | D        | Reached **** piety under Makhleb
    22 | D        | Reached skill level 27 in Fighting
    22 | D        | Reached XP level 18. HP: 153/182 MP: 18/18
    22 | D        | Reached skill level 10 in Armour
    23 | D        | Killed a meat berserker
    23 | D        | Reached skill level 27 in Throwing
    25 | D        | Noticed a large bag of meat
    25 | D        | Noticed a meat berserker
    25 | D        | Gained mutation: Your magical and physical power is slightly enhanced at high health. [demonic ancestry]
    25 | D        | Reached XP level 19. HP: 173/189 MP: 19/19
    27 | D        | Noticed a large bag of meat
    29 | D        | Noticed a meat berserker
    29 | D        | Noticed a destroyer
    29 | D        | Noticed a destroyer
    29 | D        | Killed a large bag of meat
    29 | D        | Reached ***** piety under Makhleb
    30 | D        | Noticed a meat berserker
    30 | D        | Noticed a meat berserker
    30 | D        | Noticed a meat berserker
    30 | D        | Noticed The Servant
    30 | D        | Noticed a destroyer
    31 | D        | Noticed a meat berserker
    31 | D        | Noticed a meat berserker
    31 | D        | Noticed a meat berserker
    32 | D        | Killed a meat berserker
    32 | D        | Reached skill level 27 in Armour
    34 | D        | Killed a large bag of meat
    34 | D        | Gained mutation: You are mostly covered in icy blue scales. (AC +3) [demonic ancestry]
    34 | D        | Reached XP level 20. HP: 167/197 MP: 20/20
    34 | D        | Reached skill level 27 in Stealth
    35 | D        | Noticed a large bag of meat
    35 | D        | Noticed a destroyer
    36 | D        | Noticed a destroyer
    36 | D        | Killed a meat berserker
    36 | D        | Reached ****** piety under Makhleb
    36 | D        | Reached skill level 15 in Spellcasting
    36 | D        | Gained mutation: Your magical and physical power is enhanced at high health. [demonic ancestry]
    36 | D        | Reached XP level 21. HP: 204/204 MP: 20/40
    37 | D        | Killed a destroyer
    37 | D        | Killed a destroyer
    37 | D        | Reached skill level 27 in Invocations
    37 | D        | Reached XP level 22. HP: 212/212 MP: 20/49
    37 | D        | Reached skill level 27 in Unarmed Combat
    37 | D        | Reached skill level 27 in Spellcasting
    39 | D        | Gained mutation: You are completely covered in icy blue scales. (AC +4, rC+) [demonic ancestry]
    39 | D        | Reached XP level 23. HP: 85/219 MP: 43/54
    39 | D        | Killed a destroyer
    41 | D        | Noticed a destroyer
    41 | D        | Noticed a large bag of meat
    41 | D        | Reached XP level 24. HP: 227/227 MP: 44/54
    42 | D        | Killed a large bag of meat
    43 | D        | Noticed a destroyer
    43 | D        | Killed a destroyer
    43 | D        | Reached XP level 25. HP: 234/234 MP: 44/54
    44 | D        | Noticed a destroyer
    47 | D        | Killed a destroyer
    47 | D        | Reached XP level 26. HP: 242/242 MP: 45/54
    48 | D        | Noticed a destroyer
    48 | D        | Killed a large bag of meat
    49 | D        | Noticed a destroyer
    49 | D        | Noticed a large bag of meat
    49 | D        | Killed a destroyer
    49 | D        | Gained mutation: Your magical and physical power is greatly enhanced at high health. [demonic ancestry]
    49 | D        | Reached XP level 27. HP: 61/249 MP: 54/54
    49 | D        | Killed a destroyer
    52 | D        | Killed a destroyer
    52 | D        | Mangled by The Servant

Skill      XL: |  1  2  3  4  5  6  7  8  9 10 11 12 13 14 15 16 17 18 19 20 21 22 |
---------------+-------------------------------------------------------------------+-----
Fighting       | 12 14 15 18 22 27 | 27.0
Axes           | 19 22 24 27 | 27.0
Throwing       | 10 12 13 16 19 24 27 | 27.0
Dodging        | 18 21 22 26 27 | 27.0
Armour         | 2 7 21 27 | 27.0
Stealth        | 26 27 | 27.0
Unarmed Combat | 16 24 27 | 27.0
Spellcasting   | 15 23 27 | 27.0
Invocations    | 21 27 | 27.0

Action                   |  1- 3 |  4- 6 |  7- 9 | 10-12 | 13-15 | 16-18 | 19-21 | 22-24 | 25-27 || total
-------------------------+-------+-------+-------+-------+-------+-------+-------+-------+-------++-------
Melee: Executioner's axe |     1 |       |       |       |     3 |     5 |     5 |     6 |     8 ||    28
Dodge: Dodged            |       |       |       |       |     1 |     1 |     2 |     1 |       ||     5
